 Dungeon Crawl Stone Soup version 0.27-a0-74-gebd156f8b4 (webtiles) character file.

Game seed: 2360687013199001026

1078 kae the Insei (level 8, 0/79 HPs)
             Began as an Octopode Transmuter on Jan 11, 2021.
             Was an Initiate of Wu Jian.
             Slain by a jackal (1 damage)
             ... on level 5 of the Dungeon.
             The game lasted 00:05:55 (7585 turns).

kae the Insei (Octopode Transmuter)                 Turns: 7585, Time: 00:05:56

Health: 0/79       AC:  1    Str:  8 (11) XL:     8   Next: 29%
Magic:  12/12      EV: 14    Int: 16      God:    Wu Jian [......]
Gold:   197        SH:  0    Dex:  7 (12) Spells: 0/13 levels left

rFire    . . .     SeeInvis .     - Unarmed
rCold    . . .     Faith    .   (no shield)
rNeg     . . .     Spirit   .   (helmet currently unavailable)
rPois    .         Reflect  .   (no amulet)
rElec    .         Harm     .   (no ring)
rCorr    .         Rampage  .   (no ring)
Will     .....                  (no ring)
Stlth    ..........             (no ring)
HPRegen  0.23/turn              (no ring)
MPRegen  0.13/turn              (no ring)
                                (no ring)
                                (no ring)

@: berserking (expiring), appendages (expiring), flying, very quick
A: almost no armour, stealthy swim, amphibious, 8 rings, constrict 8, tentacle
spike 3, camouflage 1, gelatinous body 1
a: End Transformation, Renounce Religion


You were on level 5 of the Dungeon.
You worshipped Wu Jian.
Wu Jian was noncommittal.
One of your tentacles had a temporary spike.
You visited 2 branches of the dungeon, and saw 6 of its levels.

You collected 197 gold pieces.

Inventory:

Jewellery
 h - an uncursed ring of flight
 m - a cursed -4 ring of evasion {unknown}
Wands
 k - a wand of disintegration (15)
 l - a wand of random effects (15)
 o - a wand of iceblast (8)
Scrolls
 f - a scroll of immolation
 j - 2 scrolls of fog
Potions
 a - a potion of haste
 b - 2 potions of mutation
 c - a potion of brilliance
 d - 3 potions of curing
 g - a potion of ambrosia
 i - a potion of degeneration


   Skills:
 + Level 3.6 Fighting
 - Level 4.0 Dodging
 - Level 6.0 Unarmed Combat
 - Level 3.0 Spellcasting
 - Level 5.1 Transmutations
 - Level 3.0 Poison Magic


You couldn't memorise any spells.
You knew the following spells:

 Your Spells              Type           Power        Failure   Level
a - Beastly Appendage     Tmut           36%          2%          1
b - Spider Form           Tmut/Pois      7%           11%         3
c - Ice Form              Ice/Tmut       10%          54%         4
d - Blade Hands           Tmut           9%           54%         5

Your spell library contained the following spells:

 Spells                   Type           Power        Failure   Level
 Wereblood                Tmut           18%          3%          2
 Shock                    Conj/Air       8%           19%         1
 Swiftness                Air            2%           28%         2
 Static Discharge         Conj/Air       2%           50%         3
 Airstrike                Air            1%           88%         4
 Lightning Bolt           Conj/Air       1%           99%         5


Dungeon Overview and Level Annotations

Branches:
Dungeon (5/15)             Temple (1/1) D:4

Altars:
Ashenzari
Elyvilon
Fedhas
Gozag
Hepliaklqana
Kikubaaqudgha
Makhleb
Nemelex Xobeh
Okawaru
Sif Muna
Trog
Uskayaw
Wu Jian
Xom
Yredelemnul
Zin
The Shining One

Shops:
D:5 [

Annotations:
D:2 exclusion: 2 gnolls, Sigmund


Innate Abilities, Weirdness & Mutations

You cannot wear most types of armour.
You are very stealthy in the water. (Stealth+)
You are amphibious.
You can wear up to eight rings at the same time.
You can use your tentacles to constrict eight enemies at once.
Your skin changes colour to match your surroundings (Stealth+).
Your rubbery body absorbs attacks. (AC +1, EV +1)
One of your tentacles bears a large vicious spike.


Message History

The jackal barely misses you.
Training target 6.0 for Unarmed Combat reached!
Your Unarmed Combat skill increases to level 6!
You tentacle-slap the orc.
You kill the orc!
The Council accepts your kill. The jackal bites you.
* * * LOW HITPOINT WARNING * * *
The jackal bites you.
* * * LOW HITPOINT WARNING * * *
The jackal bites you.
* * * LOW HITPOINT WARNING * * *
You are too berserk!
Unknown command.
You barely miss the jackal. You grab the jackal.
Your transformation is almost over.
You constrict the jackal. The jackal bites you.
* * * LOW HITPOINT WARNING * * *
The jackal bites you.
You die...

..
#...)........###
..
#..............#
#.
#....##..#..##..
#.
##...##..###..##.
#. #^..###..#
#..# # #.##.#.#
#.## ##.#
#....#.# ### ##
#.h)†#.# ##)@h#..
#))h#.. #...##..
#...# #. #...#
#.... #...##
#...#


You could see 3 jackals.

Vanquished Creatures
  Edmund (D:4)
  A wyvern skeleton (D:3)
  4 scorpions
  A quasit (D:5)
  3 orc wizards
  A centaur skeleton (D:5)
  4 orc priests
  A bullfrog skeleton (D:5)
  2 iguanas
  6 worker ants
  Robin (D:4)
  6 adders
  A shadow imp (D:5)
  A white imp (D:5)
  An ufetubus (D:5)
  3 worms
  2 dart slugs
  5 leopard geckos
  14 orcs
  8 giant cockroaches
  12 hobgoblins
  7 jackals
  3 quokkas
  A ball python (D:1)
  9 bats
  5 frilled lizards
  17 goblins
  12 kobolds
  A quokka skeleton (D:5)
  10 rats
143 creatures vanquished.

Vanquished Creatures (others)
  A jackal (D:5)
1 creature vanquished.

Grand Total: 144 creatures vanquished

Notes
Turn   | Place    | Note
-------+----------+-------------------------------------------
     0 | D:1      | kae the Octopode Transmuter began the quest for the Orb.
     0 | D:1      | Reached XP level 1. HP: 13/13 MP: 3/3
   243 | D:1      | Reached XP level 2. HP: 18/18 MP: 3/5
   791 | D:1      | Reached XP level 3. HP: 21/23 MP: 4/6
   795 | D:1      | Learned a level 3 spell: Spider Form
  1317 | D:2      | Reached skill level 1 in Poison Magic
  1348 | D:2      | Found a sparkling altar of Nemelex Xobeh.
  1496 | D:2      | Reached XP level 4. HP: 26/28 MP: 5/7
  1619 | D:2      | Noticed Sigmund
  2389 | D:2      | Found a glowing golden altar of the Shining One.
  2740 | D:3      | Reached XP level 5. HP: 8/33 MP: 4/8
  4194 | D:4      | Found a broken altar of Ashenzari.
  4204 | D:3      | Reached XP level 6. HP: 39/39 MP: 5/9
  4691 | D:4      | Reached skill level 4 in Unarmed Combat
  4864 | D:4      | Found a shimmering blue altar of Sif Muna.
  4983 | D:4      | Found an ancient bone altar of Kikubaaqudgha.
  5003 | D:4      | Noticed Edmund
  5018 | D:4      | Killed Edmund
  5019 | D:4      | Reached XP level 7. HP: 26/45 MP: 7/11
  5158 | D:4      | Noticed Robin
  5174 | D:4      | Killed Robin
  6035 | D:4      | Found a staircase to the Ecumenical Temple.
  6068 | Temple   | Entered the Ecumenical Temple
  6561 | Temple   | Became a worshipper of the Wu Jian Council
  6610 | D:5      | Entered Level 5 of the Dungeon
  6627 | D:5      | Reached skill level 5 in Unarmed Combat
  6960 | D:5      | Reached XP level 8. HP: 50/52 MP: 8/12
  6969 | D:5      | Reached skill level 5 in Transmutations
  7288 | D:5      | Found Doschit's Antique Armour Shoppe.
  7509 | D:5      | Learned a level 4 spell: Ice Form
  7515 | D:5      | Learned a level 5 spell: Blade Hands
  7584 | D:5      | Reached skill level 6 in Unarmed Combat
  7584 | D:5      | HP: 3/79 [jackal (1)]
  7585 | D:5      | HP: 1/79 [jackal (1)]
  7585 | D:5      | Slain by a jackal

Illustrated notes

Levels and vault maps discovered:
D:1:      kennysheep_arrival_seaside, layout_basic
D:2:      layout_basic, old_standard_altar, lemuel_round_altar, uniq_sigmund
D:3:      layout_basic
D:4:      layout_basic, overflow_temple_1_default, grunt_temple_overflow_open,
          minmay_temple_entry_poolview, corexii_corridor_pit, uniq_robin,
          uniq_edmund
D:5:      layout_rooms, gammafunk_temple_overflow_claw, serial_shops,
          nicolae_shop_trees
Temple:   chequers_temple_sunken

Skill      XL: |  1  2  3  4  5  6  7  8 |
---------------+-------------------------+-----
Poison Magic   | 1 2 3 |  3.0
Transmutations | 3 4 5 |  5.1
Fighting       | 2 3 |  3.6
Unarmed Combat | 4 5 6 |  6.0
Dodging        | 3 4 |  4.0
Spellcasting   | 3 |  3.0

Action                   |  1- 3 |  4- 6 |  7- 9 || total
-------------------------+-------+-------+-------++-------
Melee: Unarmed           |    68 |   138 |   169 ||   375
       Constrict         |    22 |    21 |    10 ||    53
       Kick              |    14 |    23 |     5 ||    42
       Tentacles         |     9 |    16 |     5 ||    30
       Punch             |       |     2 |     2 ||     4
 Cast: Beastly Appendage |    28 |    26 |     2 ||    56
       Spider Form       |       |    10 |    12 ||    22
Invok: Lunge             |       |       |     7 ||     7
  Use: Scroll            |       |     9 |     2 ||    11
       Potion            |       |       |     4 ||     4
 Stab: Sleeping          |     4 |     2 |     1 ||     7
Armor: Skin              |    10 |    11 |    16 ||    37
Dodge: Dodged            |    58 |    95 |   267 ||   420

Table legend: (Time is in decaauts)
 A = Elapsed time spent in this place.
 B = Non-inter-level travel time spent in this place.
 C = Inter-level travel time spent in this place.
 D = Time resting spent in this place.
 E = Time spent auto-exploring this place.
 F = Levels seen in this place.
 G = Mean time per level.
                   A        B        C        D        E       F      G
               +--------+--------+--------+--------+--------+-----+--------+
         Total |   7557 |   7370 |    187 |   1098 |   5245 |   6 | 1259.5 |
       Dungeon |   7037 |   6893 |    144 |   1098 |   4770 |   5 | 1407.4 |
        Temple |    519 |    477 |     42 |      0 |    475 |   1 |  519.0 |
               +--------+--------+--------+--------+--------+-----+--------+

Top non-repeatable levels by time:
     D:3: 2391 daAuts
     D:1: 1453 daAuts
     D:4: 1145 daAuts
     D:2: 1087 daAuts
     D:5: 960 daAuts
  Temple: 519 daAuts
